Map: Fracture LE

Players

Zboral - Winner!

  • Race: Terran Terran
  • League: Diamond
  • Spawn Location: 5:00

SGRT

  • Race: Zerg Zerg
  • League: Diamond
  • Spawn Location: 11:00

VOD

Have the link to the VOD?

Description

Time

  • Played on: Aug. 17, 2018, 9:29 a.m.
  • Length: 8:42
Show
View Real Time Build Order
Export as new Build Order

Zboral Terran - Winner!

Build Orders: Reaper Expand 

Get SALT Encoding   

  12  0:01  SCV  
  13  0:13  SCV  
  14  0:17  Supply Depot  
  14  0:25  SCV  
  15  0:38  SCV  
  15  0:40  Barracks  
  16  0:45  Refinery  
  16  0:51  SCV  
  17  1:03  SCV  
  18  1:15  SCV  
  19  1:27  Orbital Command  
  19  1:28  Reaper  
  20  1:42  Command Center  
  20  1:53  SCV  
  21  1:59  Supply Depot  
  21  2:00  Marine  
  22  2:05  SCV  
  23  2:09  Refinery  
  23  2:14  Factory  
  23  2:23  SCV, Barracks Reactor  
  24  2:36  SCV  
  23  2:55  Barracks  
  23  2:57  Barracks  
  23  2:58  Factory Tech Lab  
  23  2:59  Marine x2  
  25  3:06  SCV  
  25  3:07  Command Center  
  26  3:18  SCV  
  26  3:19  Siege Tank  
  30  3:20  Marine  
  30  3:25  Supply Depot  
  31  3:46  Supply Depot, Barracks Tech Lab, Barracks Reactor  
  31  3:47  SCV, Marine x2  
  34  3:58  Siege Tank  
  34  3:59  SCV  
  38  4:12  Stimpack  
  38  4:20  Orbital Command  
  38  4:22  Marine x3  
  38  4:23  Marine x2  
  43  4:34  Siege Tank  
  46  4:39  Marine x2  
  46  4:40  Marine  
  46  4:43  Orbital Command  
  49  4:51  Marine  
  49  4:52  Marine  
  51  4:57  Marine x2  
  51  4:58  Marauder  
  55  5:11  SCV x2  
  55  5:12  Supply Depot  
  57  5:20  Marauder  
  57  5:21  Supply Depot  
  59  5:23  SCV x2  
  61  5:30  Marine  
  61  5:33  Marine x3  
  65  5:35  SCV  
  65  5:36  SCV  
  65  5:41  Marine  
  68  5:44  Supply Depot  
  68  5:48  SCV x2, Marine  
  71  5:51  Marine  
  72  5:57  Siege Tank  
  72  5:59  Starport  
  72  6:00  SCV x2  
  77  6:09  Supply Depot  
  77  6:12  SCV x2  
  79  6:24  SCV x2  
  71  6:31  Marine x2  
  71  6:32  Marine  
  71  6:49  Marine x2  
  71  6:50  Marine  
  71  6:53  SCV x2  
  67  7:05  SCV  
  63  7:14  Marine x4  
  64  7:16  Medivac  
  64  7:17  Medivac  
  68  7:29  Siege Tank  
  71  7:32  Marine x4  
  67  7:46  Medivac  
  67  7:50  Marine x4  
  73  8:01  Siege Tank  
  76  8:07  Marine  
  76  8:08  Marine x3  
Show
View Real Time Build Order
Export as new Build Order

SGRT Zerg 

Build Orders: Pool First 

Get SALT Encoding   

  12  0:01  Drone  
  13  0:13  Overlord  
  13  0:18  Drone  
  14  0:36  Drone x3  
  17  0:48  Spawning Pool  
  16  0:51  Drone  
  16  0:54  Extractor  
  16  0:59  Drone  
  17  1:20  Hatchery  
  16  1:35  Zergling x6  
  19  1:40  Queen  
  21  1:47  Zergling x2  
  22  1:57  Overlord  
  22  2:13  Metabolic Boost  
  22  2:16  Queen  
  22  2:18  Drone  
  25  2:26  Drone  
  24  2:42  Drone x3  
  27  2:50  Drone x2  
  29  3:02  Drone  
  29  3:03  Drone x3  
  33  3:10  Queen  
  35  3:20  Overlord  
  35  3:32  Drone  
  35  3:33  Evolution Chamber  
  35  3:36  Drone  
  35  3:38  Queen  
  38  3:45  Drone x2  
  40  3:49  Spore Crawler  
  40  3:51  Drone, Spore Crawler  
  39  3:57  Drone  
  39  3:58  Baneling Nest  
  39  4:01  Zerg Melee Weapons Level 1  
  39  4:08  Overlord  
  39  4:11  Zergling x4  
  41  4:28  Extractor  
  41  4:29  Drone x3  
  43  4:32  Overlord x2  
  43  4:54  Zergling x10  
  48  5:02  Hatchery  
  48  5:03  Queen  
  49  5:16  Zergling x12  
  49  5:20  Baneling x3  
  55  5:21  Baneling  
  55  5:22  Baneling  
  55  5:30  Overlord  
  55  5:37  Overlord  
  55  5:48  Queen  
  57  5:53  Overlord x2  
  57  6:00  Drone x4  
  60  6:05  Baneling  
  60  6:08  Zergling x6  
  60  6:09  Zergling x2  
  63  6:23  Zergling x8  
  63  6:24  Zergling x4  
  52  6:33  Zergling x6  
  53  6:42  Zergling x6  
  53  6:44  Baneling x4  
  53  6:45  Baneling x4  
  56  6:50  Zergling x6  
  50  7:02  Zergling x4  
  46  7:08  Zergling x2  
  46  7:13  Queen  
  48  7:20  Zergling x6  
  51  7:34  Zergling x4  
  49  7:48  Zergling x6  
  49  7:49  Zergling x4  
  49  8:09  Zergling x4  
  49  8:10  Zergling x4  
  53  8:17  Zergling x4, Hatchery  
  53  8:19  Hatchery  
Tags
 
Add a new tag
Caveats
  • Supply blocks, unpowered buildings, or Contaminate may cause inaccurate times.
  • Supply counts are checked every 10 seconds.